 Dungeon Crawl Stone Soup version 0.19.5 (webtiles) character file.

60 McKennaii the Skirmisher (level 3, -2/31 HPs)
             Began as a Demonspawn Abyssal Knight on Apr 28, 2017.
             Was a Follower of Lugonu.
             Slain by a gnoll (3 damage)
             ... on level 2 of the Dungeon.
             The game lasted 00:01:47 (1286 turns).

McKennaii the Skirmisher (DsAK)                     Turns: 1286, Time: 00:01:49

Health: -2/31      AC:  6    Str: 12    XL:     3   Next: 80%
Magic:  5/5        EV: 11    Int: 13    God:    Lugonu [*.....]
Gold:   43         SH:  0    Dex: 13    Spells: 0 memorised, 2 levels left

rFire  . . .     SeeInvis .     a - +1 falchion
rCold  . . .     Gourm    .     b - +0 leather armour
rNeg   . . .     Faith    .     (no shield)
rPois  .         Spirit   .     (no helmet)
rElec  .         Reflect  .     (no cloak)
rCorr  .         Harm     .     d - +0 pair of gloves
MR     .....                    (no boots)
Stlth  +.........               (no amulet)
                                (no ring)
                                (no ring)

@: no status effects
A: rugged brown scales 2
a: Depart the Abyss, Renounce Religion


You were on level 2 of the Dungeon.
You worshipped Lugonu.
Lugonu was aware of your devotion.
You were not hungry.

You visited 1 branch of the dungeon, and saw 2 of its levels.
You visited the Abyss 1 time.

You collected 43 gold pieces.

Inventory:

Hand Weapons
 a - a +1 falchion (weapon)
Armour
 b - a +0 leather armour (worn)
 d - a +0 pair of gloves (worn)
Scrolls
 g - 2 scrolls of magic mapping {unknown}
 h - a scroll of remove curse {unknown}
Potions
 e - a potion of curing {unknown}
Comestibles
 c - a bread ration
 f - 2 slices of pizza


   Skills:
 + Level 3.7 Fighting
 + Level 2.2 Long Blades
 + Level 2.2 Armour
 + Level 1.3 Dodging
 + Level 0.4 Stealth
 + Level 2.7 Invocations


You had 2 spell levels left.
You didn't know any spells.

Dungeon Overview and Level Annotations

Branches:
Dungeon (2/15)

Altars:


Innate Abilities, Weirdness & Mutations

You are mostly covered in rugged brown scales. (AC +2, +5% HP)


Message History

You see here a throwing net.
The gnoll shouts!
A gnoll comes into view. It is wielding a club.
The gnoll shouts!
You tear a large gash into the net.
The gnoll hits you from afar with a halberd.
You struggle against the net.
The gnoll barely misses you.
You riposte.
You slash the gnoll!
The gnoll is heavily wounded.
You struggle against the net.
The gnoll barely misses you. The gnoll hits you.
You rip the net and break free!
The gnoll hits you with a club.
The gnoll hits you from afar with a halberd!
The gnoll barely misses you.
You hit the gnoll.
The gnoll is almost dead.
The gnoll hits you but does no damage.
The gnoll hits you from afar with a halberd!
* * * LOW HITPOINT WARNING * * *
The gnoll hits you.
You die...

.............
............
........... ........
....!. ...## ..#####
###...###..
#..>...###..@g......
#.<.....gg.....
....................
.#########.........#
#.........#
#.........#
###########


You could see 3 gnolls.

Vanquished Creatures
  An adder (D:2)
  A white imp (Abyss:1)
  2 dart slugs (D:1)
  2 leopard geckos (D:1)
  2 giant cockroaches (D:1)
  4 goblins (D:1)
  3 hobgoblins (D:1)
  A kobold (D:1)
  A quokka (D:1)
  9 bats (D:1)
  3 frilled lizards (D:1)
  10 rats (D:1)
39 creatures vanquished.

Notes
Turn   | Place    | Note
-------+----------+-------------------------------------------
     0 | Abyss:1  | McKennaii the Demonspawn Abyssal Knight began the quest for the Orb.
     0 | Abyss:1  | Reached XP level 1. HP: 18/18 MP: 2/2
    96 | Abyss:1  | Noticed a rust devil
   113 | Abyss:1  | Noticed a tentacled starspawn
   113 | D:1      | Escaped the Abyss
   134 | D:1      | Gained mutation: You are partially covered in rugged brown scales. (AC +1, +3% HP) [demonic ancestry]
   134 | D:1      | Reached XP level 2. HP: 6/24 MP: 3/3
   460 | D:1      | Reached * piety under Lugonu
   753 | D:1      | Gained mutation: You are mostly covered in rugged brown scales. (AC +2, +5% HP) [demonic ancestry]
   753 | D:1      | Reached XP level 3. HP: 24/30 MP: 4/4
   810 | D:1      | Reached skill level 1 in Dodging
  1286 | D:2      | HP: 1/31 [gnoll/halberd (11)]
  1286 | D:2      | Slain by a gnoll

Skill      XL: |  1  2  3 |
---------------+----------+-----
Armour         | 2 |  2.2
Long Blades    | 2 |  2.2
Dodging        | 1 |  1.3
Fighting       | |  3.7
Stealth        | |  0.4
Invocations    | |  2.7

Action                   || total
-------------------------++-------
Melee: Falchion          ||   100
Invok: Depart the Abyss  ||     1
 Stab: Sleeping          ||     2
  Eat: Chunk             ||     1
Armor: Leather armour    ||    52
Dodge: Dodged            ||    97
       Rpst.: Falchion   ||    32
